Map: Submarine LE

Players

Liquidthermy (uThermal) - Winner!

  • Race: Terran Terran
  • Spawn Location: 11:00

Armani

  • Race: Zerg Zerg
  • Spawn Location: 5:00

Event: StayAtHomestory Cup #2

VOD

Have the link to the VOD?

Description

Time

  • Played on: June 12, 2020, 10:34 a.m.
  • Length: 8:06

All games in this series

Show
View Real Time Build Order
Export as new Build Order

Liquidthermy Terran - Winner!

Build Orders: Hellion Opening, Liberator Opening, Reaper Expand 

Get SALT Encoding   

  12  0:01  SCV  
  13  0:13  SCV  
  14  0:18  Supply Depot  
  14  0:25  SCV  
  15  0:39  SCV  
  15  0:40  Barracks  
  16  0:43  Refinery  
  16  0:51  SCV  
  17  1:03  SCV  
  18  1:16  SCV  
  19  1:28  Reaper, Orbital Command  
  20  1:39  Command Center  
  20  1:50  Supply Depot  
  21  1:54  SCV  
  21  2:00  Marine  
  22  2:06  SCV  
  23  2:09  Factory  
  23  2:18  SCV  
  23  2:21  Barracks Reactor  
  24  2:30  SCV  
  25  2:42  SCV, Command Center  
  26  2:51  Orbital Command  
  26  2:54  SCV  
  27  3:01  Starport  
  27  3:06  SCV  
  27  3:08  Refinery  
  27  3:11  Hellion  
  30  3:16  Hellion  
  30  3:18  SCV  
  30  3:19  SCV  
  34  3:30  SCV  
  34  3:31  SCV  
  34  3:33  Hellion  
  38  3:37  Hellion  
  38  3:40  Viking  
  42  3:42  SCV  
  42  3:43  SCV  
  44  3:54  SCV  
  44  3:55  SCV, Orbital Command  
  45  3:56  Hellion  
  45  3:59  Hellion  
  50  4:10  SCV, Liberator  
  50  4:11  SCV  
  50  4:14  Supply Depot  
  55  4:21  SCV, Hellion x2  
  55  4:22  SCV  
  61  4:24  Barracks Tech Lab  
  61  4:32  Supply Depot  
  61  4:36  SCV  
  61  4:37  SCV x2  
  64  4:43  Stimpack, Marine  
  65  4:49  SCV x2  
  65  4:50  SCV  
  65  4:51  Barracks  
  65  4:52  Barracks  
  68  4:53  Starport Reactor, Factory Tech Lab  
  68  5:00  Engineering Bay  
  68  5:01  SCV x2, Refinery  
  68  5:02  Engineering Bay, Marine  
  68  5:03  SCV  
  72  5:13  SCV  
  72  5:14  SCV, Siege Tank  
  72  5:20  Marine  
  68  5:22  SCV  
  65  5:32  Orbital Command  
  65  5:34  SCV, Barracks  
  65  5:35  Refinery  
  63  5:36  Starport Reactor, Barracks  
  63  5:37  Marine  
  63  5:39  Marine  
  63  5:41  SCV  
  66  5:47  Marine x3  
  69  5:50  Siege Tank  
  69  5:55  Marine  
  69  5:57  SCV, Marine  
  68  5:59  SCV  
  67  6:05  Marine x2  
  67  6:06  SCV, Terran Infantry Weapons Level 1, Terran Infantry Armor Level 1  
  67  6:09  SCV  
  67  6:11  Marine  
  72  6:18  Medivac  
  71  6:19  Supply Depot  
  71  6:21  SCV, Marine  
  71  6:24  Medivac  
  71  6:25  SCV  
  76  6:28  SCV, Supply Depot  
  76  6:32  Barracks Reactor x2  
  77  6:38  Supply Depot  
  77  6:40  SCV x3, Marine x4  
  77  6:41  Marine  
  77  6:44  Supply Depot  
  85  6:50  Siege Tank  
  85  6:52  SCV x2  
  85  6:53  SCV, Medivac  
  93  6:59  Marine x4  
  97  7:04  SCV x2  
  97  7:05  Marine  
  100  7:10  Barracks x2  
  100  7:11  Armory, Barracks  
  100  7:12  Marine x2  
  100  7:15  Supply Depot  
  102  7:16  Missile Turret  
  102  7:17  Marine  
  102  7:18  Missile Turret  
  102  7:19  Missile Turret, Marine x2  
  102  7:20  Marine  
  107  7:27  Siege Tank  
  107  7:28  Supply Depot  
  109  7:30  Supply Depot  
  109  7:35  Supply Depot  
  109  7:36  Supply Depot, Marine  
  112  7:38  Marine  
  112  7:40  Marine x2  
Show
View Real Time Build Order
Export as new Build Order

Armani Zerg 

Build Orders: Hatch First 

Get SALT Encoding   

  12  0:01  Drone  
  13  0:13  Overlord  
  13  0:19  Drone  
  14  0:32  Drone x2  
  16  0:47  Hatchery  
  15  0:51  Drone  
  15  0:54  Drone  
  17  1:00  Drone  
  18  1:09  Extractor  
  17  1:14  Spawning Pool  
  17  1:16  Drone  
  17  1:19  Drone  
  18  1:29  Drone  
  19  1:42  Drone  
  20  1:57  Overlord  
  20  2:02  Queen x2  
  20  2:03  Zergling x4  
  26  2:10  Metabolic Boost  
  26  2:15  Drone x2  
  28  2:22  Drone  
  29  2:29  Zergling x2  
  29  2:33  Drone x2  
  31  2:37  Queen  
  31  2:40  Spore Crawler  
  31  2:42  Overlord  
  32  2:47  Drone  
  34  3:01  Hatchery, Drone x2  
  34  3:04  Drone  
  36  3:07  Drone  
  36  3:10  Drone x2  
  36  3:11  Drone  
  40  3:17  Queen  
  42  3:20  Overlord  
  42  3:23  Drone  
  43  3:37  Drone  
  43  3:41  Drone x3  
  47  3:48  Drone  
  47  3:49  Overlord  
  47  3:52  Drone x4  
  52  3:56  Overlord  
  52  4:07  Queen  
  52  4:09  Drone x3  
  57  4:12  Drone  
  57  4:13  Extractor  
  57  4:14  Evolution Chamber, Queen, Drone  
  57  4:16  Evolution Chamber  
  59  4:17  Zergling x6  
  59  4:19  Drone  
  59  4:22  Overlord  
  62  4:24  Drone  
  62  4:25  Drone  
  62  4:27  Drone x2  
  62  4:30  Overlord  
  66  4:38  Spore Crawler x2  
  64  4:40  Spore Crawler, Zerg Ground Armor Level 1  
  64  4:45  Zerg Melee Weapons Level 1  
  62  4:47  Drone x2  
  62  4:48  Drone  
  62  4:49  Drone x2  
  67  4:57  Drone  
  67  4:58  Drone x5  
  73  5:04  Zergling x6  
  72  5:07  Zergling x2  
  72  5:11  Zergling x4  
  70  5:15  Lair  
  70  5:19  Zergling x6  
  64  5:23  Drone  
  64  5:25  Drone x2  
  64  5:26  Drone x2  
  59  5:31  Drone x3  
  59  5:33  Drone  
  63  5:36  Drone x2  
  65  5:43  Drone  
  65  5:46  Drone x2, Baneling Nest  
  67  5:54  Drone  
  67  5:55  Drone x2  
  67  5:56  Drone  
  67  5:57  Drone  
  66  6:03  Drone x3  
  66  6:07  Overlord  
  66  6:08  Drone x2  
  66  6:10  Drone x2  
  69  6:11  Drone  
  69  6:16  Drone  
  70  6:24  Drone  
  70  6:25  Drone, Extractor  
  71  6:26  Extractor  
  71  6:29  Centrifical Hooks, Extractor  
  71  6:30  Zergling x4, Extractor  
  71  6:32  Overlord, Drone  
  71  6:34  Hatchery  
  71  6:39  Drone x8  
  78  6:43  Queen  
  80  6:55  Drone  
  80  6:58  Overlord x2  
  80  6:59  Overlord  
  81  7:07  Zergling x16  
  89  7:13  Zergling x2  
  90  7:16  Overlord x2  
  90  7:18  Zergling x8  
  90  7:19  Overlord  
  94  7:24  Zergling x2  
  94  7:25  Spire  
  93  7:32  Zergling x4  
  93  7:36  Zergling x8  
  98  7:40  Zergling x2  
  87  7:48  Zergling x4  
  87  7:49  Zergling x2  
Tags
 
Add a new tag
Caveats
  • Supply blocks, unpowered buildings, or Contaminate may cause inaccurate times.
  • Supply counts are checked every 10 seconds.